[Event "Early-Titled-Tuesday-Blitz-May-14-2024"]
[Site "Chess.com"]
[Date "2024.05.14"]
[Round "3"]
[White "super_emi_26"]
[Black "mightysmasher"]
[Result "1-0"]
[WhiteElo "2892"]
[BlackElo "2550"]
[TimeControl "180+1"]
[EndTime "8:30:02 PDT"]
[Termination "super_emi_26 won by checkmate"]

1. d4 d5 2. c4 e6 3. Nf3 Be7 4. g3 Nf6 5. Bg2 O-O 6. Qd3 b6 7.
cxd5 exd5 8. Nc3 Bb7 9. O-O Na6 10. Bf4 c5 11. Ne5 cxd4 12. Qxd4 Bc5 13. Qd2 Nc7 14. Rad1 Qe7 15. Nd3 Rad8 16. Nxc5 bxc5 17. Qc2 Ne6 18. Be5 Ng4 19. Qf5 Nxe5 20. Qxe5 d4 21. Nd5 Bxd5 22. Bxd5 Qd6 23. Qxd6 Rxd6 24. Bc4 Rfd8 25.
Rc1 Kf8 26. Rc2 Rb8 27. Rfc1 Nc7 28. Bd3 Ne6 29. b3 g6 30. Bc4 a5 31. Kf1 Nc7 32. Bd3 Ne6 33. Rc4 Rb4 34. R4c2 Rd8 35. h4 Ra8 36. Bc4 Nc7 37. Bd3 Ne6 38. Be4 Ra7 39.
Bd5 a4 40. Bxe6 fxe6 41. bxa4 Rbxa4 42. Rxc5 Rxa2 43. Re5 Kf7 44. Re4 Rd2 45. Rc4 Ra1+ 46. Kg2 d3 47. Rc7+ Kf6 48. exd3 e5 49. Rc6+ Kg7 50. Rxe5 Raa2 51. Re7+ Kf8 52. Rxh7 Rxf2+ 53. Kh3 Kg8 54. Rd7 Rf8 55. Rxg6+ Kh8 56. Rh6+ Kg8 57.
Rhd6 Rfa8 58. Rd8+ Rxd8 59. Rxd8+ Kg7 60. Rd4 Ra5 61.
Rg4+ Kh6 62. Rf4 Ra1 63. d4 Rd1 64. Kg4 Kg6 65. h5+ Kh6 66. Rf6+ Kg7 67. Rd6 Kf7 68. h6 Ke7 69. h7 Rh1 70. Ra6 Kf7 71. Ra8 Rxh7 72.
Ra7+ Kg6 73. Rxh7 Kxh7 74. Kf5 Kg7 75. Ke6 Kg6 76. Kd7 Kg5 77. d5 Kg4 78. d6 Kxg3 79. Ke6 Kf4 80. d7 Ke3 81. d8=Q Ke2 82. Qd5 Kf2 83. Ke5 Ke2 84. Qb3 Kf2 85. Ke4 Ke1 86. Qa2 Kf1 87. Kf3 Ke1 88. Qe2# 1-0

[Event "Early-Titled-Tuesday-Blitz-May-14-2024"]
[Site "Chess.com"]
[Date "2024.05.14"]
[Round "3"]
[White "ansko1999"]
[Black "FollowRivers"]
[Result "0-1"]
[WhiteElo "2641"]
[BlackElo "2467"]
[TimeControl "180+1"]
[EndTime "8:30:04 PDT"]
[Termination "FollowRivers won by checkmate"]

1. Nc3 c5 2. e4 d6 3. f4 g6 4.
Nf3 Bg7 5. Bc4 e6 6. d4 cxd4 7. Nxd4 a6 8. Bb3 Nc6 9. Nxc6 bxc6 10. Be3 Ne7 11. Qd2 O-O 12. O-O-O d5 13. Bc5 Re8 14. h4 Qa5 15. Bd4 c5 16. Bxg7 Kxg7 17. exd5 exd5 18.
Nxd5 Qxd2+ 19. Rxd2 Nxd5 20. Bxd5 Ra7 21. Bf3 h5 22. Rhd1 Bb7 23. Rd7 Bxf3 24. Rxa7 Bxd1 25.
Kxd1 Re4 26. g3 Re3 27. Rxa6 Rxg3 28. a4 Rg4 29. b3 Rxh4 30. a5 Rxf4 31. Rc6 h4 32.
Rxc5 h3 33. Rc3 h2 34. Rh3 Rf1+ 35. Kd2 h1=Q 36. Rxh1 Rxh1 37. b4 Ra1 38. c4 g5 39.
c5 Kf8 40. c6 Ke7 41. b5 Rxa5 42. b6 Kd6 43. c7 Kd7 44. Ke3 Rb5 45. c8=R Kxc8 46.
Ke4 Rxb6 47. Kf5 Rg6 48. Kg4 Kd7 49. Kf5 g4 50. Kf4 g3 51. Kf3 g2 52. Ke2 g1=Q 53. Kd3 Qg4 54. Ke3 Rh6 55. Kf2 Rh3 56. Kf1 Rh2 57.
Ke1 Qg1# 0-1

[Event "Early-Titled-Tuesday-Blitz-May-14-2024"]
[Site "Chess.com"]
[Date "2024.05.14"]
[Round "3"]
[White "h4parah5"]
[Black "Saxar85"]
[Result "1/2-1/2"]
[WhiteElo "3033"]
[BlackElo "2777"]
[TimeControl "180+1"]
[EndTime "8:30:06 PDT"]
[Termination "Game drawn - insufficient material"]

1. Nf3 Nf6 2. c4 e6 3. b3 d5 4. Bb2 Be7 5. e3 O-O 6. Nc3 c5 7. cxd5 exd5 8. d4 Nc6 9. Be2 Bg4 10. dxc5 Bxc5 11. O-O Re8 12. Rc1 Bd6 13. h3 Bxf3 14. Bxf3 Be5 15. Rc2 d4 16. Bxc6 bxc6 17. exd4 Qxd4 18.
Qf3 Qf4 19. Qxf4 Bxf4 20. Ne2 Be5 21. Nd4 Rac8 22. Rfc1 h5 23. Kf1 Nd5 24. a3 Nf4 25. Ba1 c5 26. Nf3 Bxa1 27. Rxa1 Rb8 28. Rb1 Nd3 29. Rc3 Red8 30. Rd1 Nf4 31. Rdc1 a6 32. h4 Rd3 33. g3 Rxc3 34. Rxc3 Ne6 35. Nd2 Rd8 36.
Ke2 f5 37. Nc4 Kf7 38. Ne5+ Kf6 39. Nd3 Rd5 40. Ke3 a5 41. Rc4 g5 42. hxg5+ Kxg5 43. Ra4 Nd4 44. Rxa5 Nxb3 45. Rb5 Nd4 46. Rxc5 Rd8 47. a4 h4 48. gxh4+ Kxh4 49. Rc4 f4+ 50. Nxf4 Nf5+ 51. Ke4 Nd6+ 52. Kd5 Nxc4+ 53. Kxc4 Kg4 54. Nd5 Kf3 55. a5 Ra8 56. Kb5 Rxa5+ 57. Kxa5 Kxf2 1/2-1/2

[Event "Early-Titled-Tuesday-Blitz-May-14-2024"]
[Site "Chess.com"]
[Date "2024.05.14"]
[Round "3"]
[White "IlanSchnaider"]
[Black "KuzubovYuriy"]
[Result "1-0"]
[WhiteElo "2720"]
[BlackElo "2936"]
[TimeControl "180+1"]
[EndTime "8:30:06 PDT"]
[Termination "IlanSchnaider won by checkmate"]

1. e4 c5 2. Nf3 Nc6 3. d4 cxd4 4. Nxd4 g6 5. Nc3 Bg7 6. Be3 Nf6 7. Bc4 d6 8. f3 Qb6 9. Nf5 Qxb2 10. Nxg7+ Kf8 11. Bd2 Kxg7 12. O-O Qa3 13. Kh1 Bd7 14. Rb1 b6 15. Qe1 Qc5 16. Bb3 Be6 17. Be3 Qe5 18. Ba4 Bc4 19. f4 Qh5 20. Bxc6 Rac8 21. Bb5 Bxf1 22. Bxf1 Nd7 23. Bd4+ e5 24. Be3 exf4 25. Bxf4 Rhe8 26. Qd2 Ne5 27. Nd5 h6 28. Be2 Qh4 29. g3 Qh3 30. Bf1 Qh5 31. Be2 Qh3 32. Bf1 Qxh2+ 33.
Qxh2 Ng4 34. Qd2 Rxe4 35. Bg2 Rec4 36. Rf1 Rxc2 37. Qd4+ f6 38. Nxf6 Nxf6 39. Bxh6+ Kxh6 40. Qxf6 Rc1 41. Qf4+ g5 42. Qxc1 Rxc1 43. Rxc1 Kg6 44. Rc6 Kf6 45. Rxd6+ Ke5 46. Rc6 Kd4 47. Rc7 Ke3 48.
Rxa7 Kf2 49. Rb7 g4 50. Rxb6 Kxg3 51. Rb4 Kh4 52. a4 Kg5 53. a5 Kf5 54. a6 g3 55.
a7 Ke5 56. a8=Q Kd6 57. Qa5 Ke6 58. Rb6+ Kf7 59. Qa7+ Ke8 60. Rb8# 1-0

[Event "Early-Titled-Tuesday-Blitz-May-14-2024"]
[Site "Chess.com"]
[Date "2024.05.14"]
[Round "3"]
[White "Baronessa08"]
[Black "JanMur7"]
[Result "1-0"]
[WhiteElo "2595"]
[BlackElo "2284"]
[TimeControl "180+1"]
[EndTime "8:30:06 PDT"]
[Termination "Baronessa08 won by checkmate"]

1. Nf3 Nf6 2. b3 d5 3. Bb2 e6 4. g3 b6 5. Bg2 Bb7 6. d4 Nbd7 7.
O-O Bd6 8. Ne5 O-O 9. e3 c5 10. Nd2 Rc8 11. Re1 Qc7 12. Nxd7 Nxd7 13. dxc5 bxc5 14.
c4 Be5 15. Bxe5 Nxe5 16. cxd5 Bxd5 17. e4 Bb7 18. f4 Nd3 19. Re3 Rfd8 20. Qe2 Qd6 21. Nc4 Qd4 22. Rf1 Ba6 23. Kh1 Bxc4 24. bxc4 Qxc4 25. e5 Rd4 26. Be4 Nc1 27. Qxc4 Rxc4 28.
a3 Rd8 29. f5 exf5 30. Bxf5 g6 31. Be4 Rdd4 32. Bc6 Rd3 33. Ree1 Nb3 34. Bb5 Rcd4 35.
Bxd3 Rxd3 36. e6 fxe6 37. Rxe6 c4 38. Rc6 Nd2 39. Re1 Kf8 40. Kg2 c3 41. Rc7 Nb3 42.
Re6 Nd4 43. Rd6 Ke8 44. Ra6 c2 45. Raxa7 Rd2+ 46. Kh3 Kd8 47. Rg7 Ke8 48. Ra8# 1-0

[Event "Early-Titled-Tuesday-Blitz-May-14-2024"]
[Site "Chess.com"]
[Date "2024.05.14"]
[Round "3"]
[White "HighLawView"]
[Black "Arimin1329"]
[Result "0-1"]
[WhiteElo "2105"]
[BlackElo "2384"]
[TimeControl "180+1"]
[EndTime "8:30:06 PDT"]
[Termination "Arimin1329 won by checkmate"]

1. e4 b6 2. d4 Bb7 3. Bd3 g6 4. Nc3 Bg7 5. Nf3 c5 6. Be3 d6 7. O-O Nd7 8. h4 Ngf6 9. Qd2 Rc8 10. e5 cxd4 11. Bxd4 dxe5 12. Nxe5 Nxe5 13. Bxe5 O-O 14. Qe2 e6 15. Rad1 Qe7 16. Ba6 Rfd8 17. Bxb7 Qxb7 18. Nb5 Rxd1 19. Rxd1 Qa6 20. a4 Qxa4 21. Nd6 Qxc2 22. Qf3 Rd8 23. Bc3 Rd7 24. Rd2 Qb1+ 25. Kh2 Nd5 26.
Bxg7 Kxg7 27. Ne4 Qc1 28. h5 Qc7+ 29. g3 f5 30. Ng5 Re7 31. Re2 Qd6 32. h6+ Kxh6 33.
Rxe6 Qc5 34. Rxe7 Nxe7 35. Ne6 Qe5 36. Qb3 Nd5 37. Nd8 Kg7 38. Qb5 Qd6 39. Nc6 Nf6 40. Nxa7 Qc5 41. Qe2 Ne4 42. Qd3 Qxf2+ 43. Kh3 Ng5+ 44.
Kh4 Nf3+ 45. Kh3 Qh2# 0-1

[Event "Early-Titled-Tuesday-Blitz-May-14-2024"]
[Site "Chess.com"]
[Date "2024.05.14"]
[Round "3"]
[White "Hikaru"]
[Black "chito89"]
[Result "1-0"]
[WhiteElo "3206"]
[BlackElo "2794"]
[TimeControl "180+1"]
[EndTime "8:30:07 PDT"]
[Termination "Hikaru won on time"]

1. b3 d5 2. Bb2 Bf5 3. Nf3 e6 4. g3 Nf6 5. Nh4 Be4 6. f3 Bg6 7. Nxg6 hxg6 8. e3 Bd6 9. f4 Qe7 10. d4 c5 11. Nd2 Nc6 12. c3 Rc8 13. Bg2 b5 14. a3 a5 15. O-O b4 16. axb4 axb4 17.
c4 cxd4 18. exd4 O-O 19. c5 Bc7 20. Qe2 Nd7 21. Nf3 Na5 22. Qe3 Ra8 23. Ng5 Qf6 24. Rf2 Nc6 25. Re1 Ra2 26. Ree2 Rfa8 27. Nf3 Qf5 28. Bf1 Nf6 29. Qc1 Ne4 30. Rg2 Qg4 31.
Re3 Ne7 32. Ne5 Bxe5 33. dxe5 Nf5 34. Re1 Qf3 35. c6 Rc8 36. Rc2 Qxb3 37. Ree2 Qa4 38. g4 Nh4 39. Re3 b3 40. Rce2 Rxc6 41. Qe1 g5 42. fxg5 Ng6 43. h4 Nxe5 44. Bxe5 Rxe2 45. Rxe2 Rc2 46. Rxc2 bxc2 47. Bb2 Qa7+ 48. Kg2 Qb6 49. Bc1 Qb3 50. Qe3 Qb1 51. g6 fxg6 52. Bd3 Kh7 53.
h5 gxh5 54. gxh5 Kh8 55. Qf4 1-0

[Event "Early-Titled-Tuesday-Blitz-May-14-2024"]
[Site "Chess.com"]
[Date "2024.05.14"]
[Round "3"]
[White "average_trans"]
[Black "MatyChess1"]
[Result "0-1"]
[WhiteElo "2350"]
[BlackElo "2664"]
[TimeControl "180+1"]
[EndTime "8:30:07 PDT"]
[Termination "MatyChess1 won by resignation"]

1. b3 d5 2. Bb2 Bg4 3. h3 Bh5 4. g4 Bg6 5. Bg2 Nc6 6. a3 e5 7.
e3 h5 8. Nc3 d4 9. Nce2 hxg4 10.
hxg4 Rxh1 11. Bxh1 Qh4 12. Ng3 Nf6 13. exd4 O-O-O 14. dxe5 Nxg4 15. Bxc6 bxc6 16. Qf3 Kb7 17. O-O-O Bc5 18.
d4 Be7 19. Kb1 Nh2 20. Qe2 Qg4 21. Qxg4 Nxg4 22. Rf1 Bh4 23. N1e2 c5 24. f4 Ne3 25. Rf3 Nf5 26. Nxf5 Bxf5 27. dxc5 Bg4 28. Rd3 Rxd3 29.
cxd3 Bxe2 30. f5 Bxd3+ 31. Kc1 Bxf5 32. Kd2 Be6 33. Ke3 Bxb3 34. e6 Bxe6 35. Bxg7 Kc6 36. Kd4 Be7 37. Kc3 Bxc5 38. Kb2 a6 39. Be5 Bd6 40.
Bd4 Kb5 41. Be3 Ka4 42. Bd4 Bxa3+ 43. Kc3 Bd6 44. Kb2 f5 45. Bf2 c5 46. Bg1 Be5+ 47. Kc2 Bd4 48. Bh2 Bc4 49. Bd6 Kb5 50. Bf4 a5 51. Bd6 a4 52. Bf4 a3 53. Bc1 a2 54.
Ba3 a1=Q 0-1

[Event "Early-Titled-Tuesday-Blitz-May-14-2024"]
[Site "Chess.com"]
[Date "2024.05.14"]
[Round "3"]
[White "AlexanderKing"]
[Black "TERMINATOR_PC"]
[Result "0-1"]
[WhiteElo "2548"]
[BlackElo "2613"]
[TimeControl "180+1"]
[EndTime "8:30:07 PDT"]
[Termination "TERMINATOR_PC won on time"]

1. Nf3 Nf6 2. c4 e6 3. g3 a6 4. Bg2 b5 5. b3 c5 6. O-O Bb7 7.
Nc3 Qb6 8. Bb2 Be7 9. d4 cxd4 10. Qxd4 Qxd4 11. Nxd4 Bxg2 12. Kxg2 bxc4 13. bxc4 O-O 14.
Na4 Ra7 15. Rab1 Rc7 16. c5 Nc6 17. Nxc6 Rxc6 18. Bxf6 gxf6 19. Rfd1 Bxc5 20. Rxd7 f5 21. Rbb7 a5 22. e3 Bb4 23. Nb2 Rc2 24. Nd3 Rxa2 25. Nxb4 axb4 26. Rxb4 Rc8 27. Rb1 Rcc2 28. Rf1 Kg7 29.
Rd4 Kg6 30. Rf4 e5 31. Rb4 Re2 32. Rb7 Rxe3 33. Rb6+ f6 34. Rb8 Ree2 35. Rg8+ Kf7 36. Rh8 Kg7 37. Rb8 e4 38. Re8 Kf7 39. Rh8 Kg6 40. Re8 h6 41. h4 Kf7 42. Rh8 e3 43.
Rxh6 Rxf2+ 44. Rxf2 Rxf2+ 45. Kg1 Kg7 46. Rh5 f4 47. gxf4 Rxf4 48. Ra5 Rxh4 49. Kg2 Re4 50. Kf3 e2 51. Kxe4 e1=Q+ 0-1

[Event "Early-Titled-Tuesday-Blitz-May-14-2024"]
[Site "Chess.com"]
[Date "2024.05.14"]
[Round "3"]
[White "HeroWilczek"]
[Black "remyrushbrooke"]
[Result "1-0"]
[WhiteElo "2544"]
[BlackElo "2325"]
[TimeControl "180+1"]
[EndTime "8:30:07 PDT"]
[Termination "HeroWilczek won on time"]

1. Nf3 g6 2. b3 Bg7 3. Nc3 d5 4. e3 c5 5. Bb2 Nc6 6. Bb5 Nf6 7.
O-O O-O 8. d4 e6 9. Re1 a6 10.
Bxc6 bxc6 11. dxc5 Ne4 12. Nd4 Nxc5 13. Nxc6 Qc7 14.
Nd4 Bb7 15. Rc1 e5 16. Nf3 Rad8 17. Qe2 Rfe8 18. Red1 d4 19. Nb1 Ne6 20. Nbd2 dxe3 21. fxe3 e4 22. Nd4 Nxd4 23. exd4 Bxd4+ 24. Bxd4 Rxd4 25. Nc4 Rxd1+ 26. Rxd1 Qc5+ 27. Qe3 Qh5 28. Rd7 Bc6 29. Rd6 Bd5 30. Nd2 Qe5 31. Rxa6 f5 32. c4 f4 33. Qc5 Qa1+ 34. Nf1 Bf7 35. Ra7 e3 36. Re7 e2 37. Rxe8+ Bxe8 38. Qd5+ Bf7 39. Qa8+ Kg7 40. Qf3 e1=Q 41. Qxf4 Qxf1+ 42. Qxf1 Qxf1+ 43. Kxf1 Kf6 44. Ke2 Ke5 45. Ke3 g5 46. a4 h5 47. g3 Bg6 48.
a5 Bc2 49. b4 Bb3 50. Kd3 g4 51. a6 Ba4 52. b5 Kd6 53. a7 1-0

[Event "Early-Titled-Tuesday-Blitz-May-14-2024"]
[Site "Chess.com"]
[Date "2024.05.14"]
[Round "3"]
[White "klercaku"]
[Black "WilsonPalencia21"]
[Result "0-1"]
[WhiteElo "2260"]
[BlackElo "2588"]
[TimeControl "180+1"]
[EndTime "8:30:08 PDT"]
[Termination "WilsonPalencia21 won by resignation"]

1. e4 c5 2. Nf3 d6 3. d4 cxd4 4. Nxd4 Nf6 5. Nc3 g6 6. Be2 Bg7 7. Be3 O-O 8. Qd2 Nc6 9. O-O Nxd4 10. Bxd4 Qa5 11. Rad1 Be6 12. Nd5 Qxd2 13. Nxe7+ Kh8 14. Rxd2 Nxe4 15. Bxg7+ Kxg7 16. Rd4 Nf6 17. Bf3 Rfe8 18. Nd5 Bxd5 19. Bxd5 Re2 20. Bb3 d5 21. g3 b5 22.
Rfd1 a5 23. Bxd5 Rc8 24. c4 Rxb2 25. cxb5 Nxd5 26. Rxd5 Rcc2 27. Rf1 Rxa2 28. b6 Rcb2 29. Rd6 Ra3 30. Rc1 Rf3 31. Rf1 Rfb3 32. Rc1 Rxb6 33.
Rxb6 Rxb6 34. Ra1 Ra6 35. Ra4 Kf6 36. Kf1 Ke5 37. Ke2 Kd5 38. Kd3 Kc5 39. Kc3 Kb5 40. Kb3 Rd6 41. Rf4 f5 42. h4 Rd3+ 43. Kc2 Rd5 44. Kb2 Re5 45. Kb3 Re4 46. Rf3 a4+ 47.
Ka3 Rd4 48. Re3 Re4 49. Rf3 Kc5 50. Ka2 Rd4 51. Ka3 Kd5 52. h5 Ke5 53. Re3+ Kf6 54. hxg6 hxg6 55. Rc3 Kg5 56. f4+ Kg4 57. Re3 Re4 58.
Rd3 Kh3 59. Rc3 Kg2 60. Rd3 Kf2 61. Rc3 Re3 62. Rxe3 Kxe3 63. Kxa4 Kf3 64. Kb3 Kxg3 65. Kc3 Kxf4 66. Kd3 Kf3 67. Kd2 Kf2 68. Kd3 g5 69. Kd2 g4 70. Kd1 g3 0-1

[Event "Early-Titled-Tuesday-Blitz-May-14-2024"]
[Site "Chess.com"]
[Date "2024.05.14"]
[Round "3"]
[White "Louis-Paulsen-Fan"]
[Black "HowTo2Draw"]
[Result "0-1"]
[WhiteElo "2324"]
[BlackElo "2539"]
[TimeControl "180+1"]
[EndTime "8:30:08 PDT"]
[Termination "HowTo2Draw won by checkmate"]

1. d4 f5 2. Nf3 Nf6 3. g3 g6 4.
Bg2 Bg7 5. O-O O-O 6. c4 d6 7.
Nc3 c6 8. Qb3 Na6 9. Rd1 Kh8 10.
Qa3 Nc7 11. b4 b5 12. cxb5 cxb5 13. Ng5 h6 14. Bxa8 Nxa8 15. Nf3 a6 16. Qb3 Nb6 17. a4 Bd7 18. axb5 axb5 19. Bb2 Nc4 20. Nd2 Nxb2 21. Qxb2 Bc6 22. Nf3 Nd5 23. Nxd5 Bxd5 24. Qd2 Kh7 25.
Ne1 Qb6 26. Nc2 Bb7 27. Rac1 Ra8 28. Ra1 Rc8 29. Rac1 Qc6 30. f3 Qb6 31. Kg2 Rc4 32. h4 Bf6 33. h5 g5 34. d5 Rc3 35. Ne1 Qc7 36. Rxc3 Qxc3 37. Qxc3 Bxc3 38. e4 fxe4 39.
fxe4 Bxb4 40. Rb1 Bc3 41. Nd3 Ba6 42. Nb4 Bc8 43. Nc6 b4 44. Nxb4 e6 45. Nc6 exd5 46.
exd5 Bf5 47. Rb7+ Kh8 48. Re7 Kg8 49. Kf3 Kf8 50. g4 Bc2 51. Rc7 Bd1+ 52. Kg3 Bf6 53. Rd7 Bb2 54. Rxd6 Bc1 55. Rxh6 Bf4+ 56. Kh3 Be2 57.
Rf6+ Kg7 58. Re6 Bf1# 0-1

[Event "Early-Titled-Tuesday-Blitz-May-14-2024"]
[Site "Chess.com"]
[Date "2024.05.14"]
[Round "3"]
[White "slorovel"]
[Black "tarno17"]
[Result "1-0"]
[WhiteElo "2563"]
[BlackElo "2167"]
[TimeControl "180+1"]
[EndTime "8:30:09 PDT"]
[Termination "slorovel won by checkmate"]

1. e4 c5 2. Nf3 e6 3. g3 Nc6 4. Bg2 d6 5. O-O Nf6 6. Nc3 Be7 7. d4 cxd4 8. Nxd4 O-O 9. a4 e5 10. Ndb5 a6 11. Na3 Be6 12. h3 Qc8 13. Kh2 Rd8 14. Nd5 Bxd5 15. exd5 Nd4 16. c3 Nf5 17. g4 Nh4 18.
Bh1 h6 19. Qe2 Qc5 20. Be3 Qc7 21. Nc4 Ng6 22. Bb6 Qd7 23. Bxd8 Rxd8 24. Ne3 Nh7 25. Be4 Ng5 26. Bf5 Qc7 27. Qc4 Qb6 28. b4 Nf3+ 29. Kg2 Ngh4+ 30. Kh1 Nd2 31. a5 Qa7 32. Qe2 Nxf1 33. Rxf1 Nxf5 34. Nxf5 Bf6 35. Qe4 Qb8 36. c4 Qc7 37. Ra1 b6 38. Ng3 Rb8 39. Nh5 bxa5 40. bxa5 Rb2 41. Nxf6+ gxf6 42. Qf3 Kg7 43.
Rc1 Qc5 44. Kg2 Rd2 45. h4 Qxa5 46. c5 dxc5 47. g5 fxg5 48. hxg5 hxg5 49. Qf5 f6 50. Rb1 Qc7 51. Rh1 Kf8 52. Rh8+ Kg7 53. Qh7# 1-0

[Event "Early-Titled-Tuesday-Blitz-May-14-2024"]
[Site "Chess.com"]
[Date "2024.05.14"]
[Round "3"]
[White "tgpgoat"]
[Black "SlavenPastar"]
[Result "1/2-1/2"]
[WhiteElo "2458"]
[BlackElo "2651"]
[TimeControl "180+1"]
[EndTime "8:30:11 PDT"]
[Termination "Game drawn - insufficient material"]

1. Na3 b6 2. c4 Bb7 3. Nf3 Nf6 4. g3 e6 5. Nc2 Be7 6. Bg2 O-O 7. O-O c5 8. b3 d5 9. cxd5 Nxd5 10. Bb2 Nc6 11. Ne5 Bf6 12. Nxc6 Bxc6 13. Bxf6 Qxf6 14. Ne3 Rfd8 15. Qc2 Nb4 16. Qc3 Bxg2 17. Kxg2 Rd4 18. a3 Nc6 19. b4 Qe5 20. bxc5 bxc5 21. Rfc1 Ne7 22. Qxc5 Qxc5 23. Rxc5 Rxd2 24. Kf1 Rd7 25. Rac1 f6 26. Rc7 Rad8 27. R7c3 Kf7 28. h4 Nd5 29. Nxd5 Rxd5 30. Rc7+ R8d7 31. Kg2 Ke7 32. R7c3 Ra5 33. Re3 e5 34. Rc6 Rd2 35. h5 h6 36.
Kf3 Kd7 37. Rcc3 Rd4 38. Rb3 Ke7 39. Rec3 Rd7 40. Kg4 Ke6 41. e4 Ra4 42. Rc6+ Kf7 43.
Kf5 Re7 44. f3 Rd7 45. Rbc3 Re7 46. Rc7 Rxc7 47. Rxc7+ Kf8 48. Ke6 Kg8 49. Rc3 Ra6+ 50. Kf5 Rd6 51. Rc7 Kf8 52. Kg6 Rd3 53. Rf7+ Ke8 54. Rxg7 Rxf3 55. Kxh6 Rxa3 56. g4 a5 57. Ra7 Rg3 58. Kg6 Rxg4+ 59. Kxf6 Rxe4 60. h6 Rf4+ 61. Kxe5 Rh4 62. h7 Kf8 63. Kf6 Rh6+ 64. Kg5 Rh1 65. Kg6 Rg1+ 66. Kh6 Rh1+ 67. Kg5 Rg1+ 68. Kf4 Rh1 69. Ke5 a4 70. Kd4 a3 71.
Kc3 a2 72. Kb2 a1=Q+ 73. Rxa1 Rxh7 74. Ra8+ Kg7 75. Ra7+ Kg6 76. Ra6+ Kg7 77. Ra7+ Kg6 78. Rxh7 Kxh7 1/2-1/2

[Event "Early-Titled-Tuesday-Blitz-May-14-2024"]
[Site "Chess.com"]
[Date "2024.05.14"]
[Round "3"]
[White "kyawmyataung2005"]
[Black "TheAlienParty"]
[Result "0-1"]
[WhiteElo "2256"]
[BlackElo "2426"]
[TimeControl "180+1"]
[EndTime "8:30:12 PDT"]
[Termination "TheAlienParty won by checkmate"]

1. e4 e5 2. Nf3 Nc6 3. Bb5 a6 4.
Ba4 d6 5. c3 Bd7 6. O-O g5 7.
d4 g4 8. Ne1 h5 9. f4 exf4 10.
Bxf4 Bh6 11. Nd3 Qe7 12. Nd2 O-O-O 13. b4 Bxf4 14. Nxf4 Qg5 15. Rb1 Nf6 16. b5 axb5 17. Bxb5 Rde8 18. Qb3 Nxe4 19. Nxe4 Rxe4 20. Bd3 Na5 21.
Qxf7 Re7 22. Qg6 Rg8 23. Qxg5 Rxg5 24. Rbe1 Rxe1 25. Rxe1 b5 26. Re7 h4 27. Rh7 h3 28. g3 Nc4 29. Rh8+ Kb7 30. Kf2 Bc6 31. Rh7 Rg8 32. Ne6 Rc8 33. Bxc4 bxc4 34. Rg7 Bd5 35. Nf4 Bf3 36. Ne6 Kc6 37. Nf4 Ra8 38. Ke3 Rxa2 39. d5+ Kb6 40. Kd4 Rxh2 41. Kxc4 Rg2 42. Ne6 h2 43.
Rxc7 Bxd5+ 44. Kxd5 Rd2+ 45. Kc4 h1=Q 46. Re7 Qc6+ 47.
Kb4 Qb5+ 48. Ka3 Qb2+ 49. Ka4 Qa2+ 50. Kb4 Rb2# 0-1

[Event "Early-Titled-Tuesday-Blitz-May-14-2024"]
[Site "Chess.com"]
[Date "2024.05.14"]
[Round "3"]
[White "laiciffOneslraCsungaM"]
[Black "Mops_2004"]
[Result "0-1"]
[WhiteElo "2409"]
[BlackElo "2821"]
[TimeControl "180+1"]
[EndTime "8:30:13 PDT"]
[Termination "Mops_2004 won on time"]

1. Nf3 d5 2. g3 Nf6 3. Bg2 c6 4. O-O Bg4 5. b3 e6 6. Bb2 Be7 7. d3 O-O 8. Nbd2 a5 9. a3 Na6 10. h3 Bh5 11. c4 Qb6 12. Ne5 Rfd8 13. g4 Bg6 14. Nxg6 hxg6 15. Qc2 Nd7 16. e4 Rac8 17. Rae1 Bc5 18. Qc3 Nf6 19. d4 Be7 20. e5 Nh7 21. c5 Qc7 22. Qd3 Qd7 23. Bc3 a4 24. b4 Nc7 25. f4 Rf8 26. Nb1 b6 27. Nd2 bxc5 28. dxc5 Nb5 29. Nf3 Nxa3 30. Nd4 Nb5 31. f5 gxf5 32. gxf5 Nxd4 33. Bxd4 exf5 34. Rxf5 Ng5 35. Ref1 Ne6 36. Ba1 Bg5 37. h4 Bh6 38.
Bh3 Qe7 39. Qg3 Rce8 40. Rf6 Kh8 41. Rxh6+ gxh6 42. Rf6 Ng7 43. Rxh6+ Kg8 44. e6 f6 45.
Rg6 d4 46. Bxd4 Rd8 47. Bc3 Rd5 0-1

[Event "Early-Titled-Tuesday-Blitz-May-14-2024"]
[Site "Chess.com"]
[Date "2024.05.14"]
[Round "3"]
[White "SayonaraPonytail"]
[Black "kleinebeer98"]
[Result "0-1"]
[WhiteElo "2554"]
[BlackElo "2976"]
[TimeControl "180+1"]
[EndTime "8:30:13 PDT"]
[Termination "kleinebeer98 won on time"]

1. e4 g6 2. Nc3 Bg7 3. f4 d6 4. Nf3 b6 5. Bc4 e6 6. Bb3 Bb7 7. d3 Nd7 8. a4 a6 9. O-O Ngf6 10. Qe1 Nc5 11. Ba2 O-O 12. f5 exf5 13. exf5 d5 14. Qh4 Qd7 15. Bg5 Nh5 16. f6 Bh8 17. g4 d4 18. Ne2 Rae8 19. Nexd4 Nxf6 20. Bxf6 Bxf6 21. Qxf6 Qxg4+ 22. Kf2 Re4 23. Rg1 Qf4 24. Qxf4 Rxf4 25. Kg3 Rf6 26. a5 Rd8 27. Rge1 Kf8 28. axb6 Rxb6 29.
Bc4 Rxb2 30. Rab1 Rb6 31. Rf1 f6 32. Rxb6 cxb6 33. Nb3 Nd7 34. Ng5 Ke7 35. Re1+ Ne5 36. Nf7 Rc8 37. Nxe5 fxe5 38. Rxe5+ Kd6 39. Re6+ Kc7 40.
Re7+ Kb8 41. Nd4 b5 42. Bb3 h5 43. h4 Rc5 44. Ne6 Rf5 45. Ng5 a5 46. Be6 Rc5 47. c4 b4 48. Rf7 b3 49. Rf1 a4 50. d4 Ra5 51. c5 b2 52. Ba2 a3 53. Ne6 Bc8 54. Nf4 Bf5 55. Ne2 Ra4 56. d5 Rg4+ 57. Kf2 Rxh4 58. Nc3 Rh3 59. Nb1 h4 60. d6 Rd3 61. Ke2 h3 62. Rxf5 gxf5 63. Kxd3 h2 64. Bd5 a2 65. c6 h1=Q 66. c7+ Ka7 67. Bxh1 axb1=Q+ 68. Kd4 Qxh1 69. c8=Q Qe4+ 70. Kc3 b1=Q 71. Qc7+ Qbb7 72. Qa5+ Qa6 73. Qc7+ Qeb7 74. Qc5+ Ka8 75. d7 Qa1+ 76. Kd2 Qxd7+ 0-1

[Event "Early-Titled-Tuesday-Blitz-May-14-2024"]
[Site "Chess.com"]
[Date "2024.05.14"]
[Round "3"]
[White "Likvidator228"]
[Black "vladislavkovalev"]
[Result "0-1"]
[WhiteElo "2544"]
[BlackElo "2845"]
[TimeControl "180+1"]
[EndTime "8:30:13 PDT"]
[Termination "vladislavkovalev won by resignation"]

1. d4 Nf6 2. c4 e6 3. g3 d5 4. Bg2 dxc4 5. Qa4+ Bd7 6. Qxc4 Bc6 7. Nf3 Nbd7 8. O-O Be7 9. Bg5 O-O 10. Rd1 h6 11. Bxf6 Nxf6 12. Nc3 a5 13. Ne5 Bxg2 14. Kxg2 c6 15.
a4 Qb6 16. e3 Rfd8 17. b3 Nd5 18. Nxd5 exd5 19. Qc2 Bd6 20. Nd3 Re8 21. Nc5 Re7 22.
Qc3 Bxc5 23. Qxc5 Qxc5 24. dxc5 Re4 25. Rd4 Rae8 26. Rad1 f5 27. h4 Kf7 28. Rxe4 fxe4 29. f4 exf3+ 30. Kxf3 Kf6 31. Rd4 g5 32. Rg4 Kf5 33.
Rd4 Re4 34. hxg5 hxg5 35. Rd2 Rb4 36. Rd3 g4+ 37. Ke2 Ke4 38. Rc3 d4 39. exd4 Kxd4 40. Kd2 Kd5 41. Kc2 Re4 42. Kd2 Rd4+ 43. Ke3 Rb4 44.
Kd3 Re4 45. Kd2 Ke5 46. Kd3 Re1 47. Rc4 Kf5 48. Rf4+ Kg5 49. Rf7 Rg1 50. Rxb7 Rxg3+ 51. Kc4 Rg1 52. Rc7 Rc1+ 53. Kd4 g3 54. Rxc6 g2 55.
Rc8 g1=Q+ 56. Kd5 Kf6 57. Rf8+ Ke7 58. Rb8 Rxc5+ 0-1

[Event "Early-Titled-Tuesday-Blitz-May-14-2024"]
[Site "Chess.com"]
[Date "2024.05.14"]
[Round "3"]
[White "LeoLV10"]
[Black "Hamisandwich"]
[Result "1/2-1/2"]
[WhiteElo "2516"]
[BlackElo "2723"]
[TimeControl "180+1"]
[EndTime "8:30:13 PDT"]
[Termination "Game drawn - insufficient material"]

1. e4 c6 2. d4 a6 3. h4 d5 4.
e5 c5 5. dxc5 e6 6. Be3 Nd7 7. Nf3 Bxc5 8. Bxc5 Nxc5 9. c3 Qb6 10.
Qc2 Bd7 11. Nd4 Ne7 12. Nd2 Rc8 13. N2f3 h6 14. Be2 Ba4 15. Qd2 Ne4 16. Qc1 Bb5 17. Nxb5 Qxf2+ 18. Kd1 axb5 19. Rf1 Qg3 20. Bxb5+ Nc6 21.
Qe3 O-O 22. Bxc6 bxc6 23. Rc1 f6 24. exf6 Rxf6 25. Qe2 Rcf8 26. Kc2 Rg6 27. Rg1 Qf4 28. Rcf1 Rg3 29. Nd4 Qg4 30. Qxg4 Rxg4 31. Rxf8+ Kxf8 32. Nxe6+ Ke7 33. Nd4 c5 34. Nf5+ Ke6 35. Ne3 Rxh4 36. a4 d4 37. cxd4 cxd4 38. Nc4 Nc5 39. b3 Kd5 40. Re1 Re4 41. Nb6+ Kc6 42. Rxe4 Nxe4 43.
Nc4 Nc5 44. a5 Kb5 45. Nd6+ Kxa5 46. Nf5 Ne6 47. Kd3 Kb4 48. Nxd4 Nxd4 49. Kxd4 Kxb3 50. Ke5 Kc3 51. Kf5 Kd3 52. Kg6 Ke3 53. g4 Kf4 54. Kxg7 Kg5 55. Kh7 Kh4 56. Kxh6 Kxg4 1/2-1/2